 Dungeon Crawl Stone Soup version 0.21-a0-72-gbbb65ab (webtiles) character file.

559723 grindst0ne the Formicid Blade (level 27, -10/231 HPs)
             Began as a Formicid Fighter on June 20, 2017.
             Was the Champion of Okawaru.
             Mangled by a titan (13 damage)
             ... on level 5 of the Vaults.
             The game lasted 03:01:10 (61040 turns).

grindst0ne the Formicid Blade (Formicid Fighter)   Turns: 61040, Time: 03:01:11

Health: -10/231    AC: 40    Str: 38    XL:     27
Magic:  14/31      EV: 30    Int:  3    God:    Okawaru [******]
Gold:   4442       SH: 36    Dex: 22    Spells: 26/26 levels left

rFire    + . .     SeeInvis +   h - +9 triple sword (flame)
rCold    + + +     Gourm    .   W - +10 large shield of Ignorance {rN+ Int-4}
rNeg     + + .     Faith    .   t - +2 crystal plate armour
rPois    .         Spirit   .   (helmet unavailable)
rElec    +         Reflect  .   U - +0 cloak of Wu Jian {*Corrode rElec MR+ Str+5}
rCorr    .         Harm     .   G - +3 pair of gloves of the Albatross {rC++ rN+ Str+4}
MR       +++..                  X - +2 pair of boots {run}
Stlth    ..........             V - amulet of the Air {Inacc +Fly rElec EV+5 RMsl}
HPRegen  0.48/turn              E - ring "Teceps" {rF+ rC+ Dex+3}
MPRegen  0.22/turn              R - +5 ring of slaying

@: mighty, lethally poisoned (-10 -> -13), heroism, finesse, corroded, very
slightly contaminated, glowing, silenced, drained, invisible (but backlit and
visible), repel missiles, quick
A: permanent stasis, dig shafts and tunnels, four strong arms, antennae 3, dopey
1, low mp 1, subdued magic 1
}: 2/15 runes: barnacled, gossamer
a: Dig, Shaft Self, Renounce Religion, Evoke Flight


You were on level 5 of the Vaults.
You worshipped Okawaru.
Okawaru was exalted by your worship.
You were hungry.

You visited 10 branches of the dungeon, and saw 48 of its levels.
You visited 1 bazaar.
You also visited: Labyrinth, Ice Cave and Wizlab.

You collected 6333 gold pieces.
You spent 1891 gold pieces at shops.

Inventory:

Hand Weapons
 c - a +7 demon blade of freezing
 h - a +9 triple sword of flaming (weapon)
Armour
 k - the +8 chain mail "Ynguem" {rPois Str+2 Int+3}
   (You found it in a labyrinth)

   It affects your strength (+2).
   It affects your intelligence (+3).
   It protects you from poison.
 p - the +0 pair of boots of the Final Places {rF+}
   (You found it in a labyrinth)

   It protects you from fire.
 t - a +2 crystal plate armour (worn)
 F - +0 gold dragon scales
 G - the +3 pair of gloves of the Albatross (worn) {rC++ rN+ Str+4}
   (Okawaru gifted it to you on level 13 of the Dungeon)

   It affects your strength (+4).
   It greatly protects you from cold.
   It protects you from negative energy.
 U - the +0 cloak of Wu Jian (worn) {*Corrode rElec MR+ Str+5}
   (You bought it in a shop on level 1 of the Shoals)

   It affects your strength (+5).
   It insulates you from electricity.
   It affects your resistance to hostile enchantments.
   It may corrode you when you take damage.
 W - the +10 large shield of Ignorance (worn) {rN+ Int-4}
   (You acquired it in a bazaar)

   It affects your intelligence (-4).
   It protects you from negative energy.
 X - a +2 pair of boots of running (worn)
Jewellery
 m - the ring "Teiroidgh" {Wiz rF+ rN++ Str-2}
   (You acquired it on level 3 of the Shoals)

   [ring of wizardry]

   It improves your spell success rate.
   It affects your strength (-2).
   It protects you from fire.
   It greatly protects you from negative energy.
 E - the ring "Teceps" (left hand) {rF+ rC+ Dex+3}
   (You took it off a merfolk on level 4 of the Shoals)

   [ring of protection from cold]

   It affects your dexterity (+3).
   It protects you from fire.
   It protects you from cold.
 J - the ring of the Mage {Wiz MR++ Int+3}
   (You took it off a deep elf annihilator on level 3 of the Elven Halls)

   [ring of wizardry]

   It improves your spell success rate.
   It affects your intelligence (+3).
   It affects your resistance to hostile enchantments.
 R - a +5 ring of slaying (right hand)
 V - the amulet of the Air (around neck) {Inacc +Fly rElec EV+5 RMsl}
   (You found it on level 3 of the Crypt)

   [amulet of inaccuracy]

   It reduces the accuracy of all your attacks.
   It affects your evasion (+5).
   It insulates you from electricity.
   It lets you fly.
   It protects you from missiles.
Wands
 b - a wand of clouds (5/9)
 r - a wand of disintegration (15/24)
 I - a wand of acid (10/15)
 K - a wand of disintegration (2/24)
 L - a wand of scattershot (9/9)
 N - a wand of iceblast (10/15)
Scrolls
 j - 6 scrolls of magic mapping
 n - 24 scrolls of remove curse
 q - 2 scrolls of summoning
 w - 15 scrolls of fear
 y - 8 scrolls of enchant armour
 H - 2 scrolls of holy word
 P - a scroll of silence
 Q - 3 scrolls of fog
 T - 4 scrolls of identify
 Z - 5 scrolls of recharging
Potions
 a - a potion of cancellation
 d - 6 potions of might
 i - 5 potions of resistance
 l - 7 potions of mutation
 s - 13 potions of curing
 u - 11 potions of flight
 x - 3 potions of lignification
 z - 7 potions of ambrosia
 B - 4 potions of invisibility
 Y - 6 potions of agility
Miscellaneous
 C - 5 sacks of spiders
 D - 2 boxes of beasts
 M - a fan of gales
 O - 3 phantom mirrors
Comestibles
 f - 21 bread rations
 g - 19 meat rations
 o - 49 fruits
 v - 21 royal jellies


   Skills:
 - Level 22.1(26.7) Fighting
 - Level 24.0(26.7) Long Blades
   Level 2.0(6.8) Axes
 - Level 22.1(26.7) Armour
 + Level 16.5(21.3) Dodging
 - Level 15.1(19.9) Shields
 + Level 15.9(15.7) Invocations
 - Level 7.0(6.8) Evocations


You had 26 spell levels left.
You didn't know any spells.

Dungeon Overview and Level Annotations

Branches:
Dungeon (15/15)            Temple (1/1) D:4            Lair (6/6) D:11
 Shoals (4/4) Lair:3       Spider (4/4) Lair:4        Slime (0/5) Lair:5
    Orc (2/2) D:10            Elf (3/3) Orc:2        Vaults (5/5) D:14
  Crypt (3/3) Vaults:3       Tomb (0/3) Crypt:3      Depths (5/5) D:15
    Zot (0/5) Depths:5

Altars:
Ashenzari
Cheibriados
Dithmenos
Elyvilon
Fedhas
Gozag
Hepliaklqana
Kikubaaqudgha
Makhleb
Nemelex Xobeh
Okawaru
Qazlal
Ru
Sif Muna
Trog
Uskayaw
Vehumet
Wu Jian
Xom
Yredelemnul
Zin
The Shining One
Beogh

Shops:
D:9 :   Orc:2 (?(!(   Elf:1 %   Shoals:1 [   Shoals:3 [   Vaults:3 ?
Depths:1 =   Depths:4 =}}   Depths:5 %

Portals:
Hell: Depths:1 Depths:2 Depths:3 Depths:4 Depths:5
Abyss: Depths:2 Depths:4
Pandemonium: Depths:2 Depths:3
Ziggurat: Depths:4
Trove: D:10 (lose all piety)

Annotations:
D:15 2 runed doors
Elf:2 2 runed doors
Vaults:5 Mennas


Innate Abilities, Weirdness & Mutations

You cannot be hasted, slowed, berserked, paralysed or teleported.
You can dig through walls and to a lower floor.
Your four strong arms can wield two-handed weapons with a shield.
You have a pair of large antennae on your head. (SInv)
You are dopey. (Int -2)
Your magical capacity is low. (-10% MP)
Your spells are a little easier to cast, but a little less powerful.


Message History

Mennas hits you but does no damage. The ogre mage closely misses you.
A catoblepas comes into view.
You feel better.
You are engulfed in poison gas.
You are poisoned.
* * * LOW HITPOINT WARNING * * *
x2 You feel sick.
The deep elf knight seems less brilliant.
The fire giant seems less brilliant.
The deep elf death mage seems less brilliant.
The vault sentinel seems less brilliant.
The ghostly titan seems less brilliant.
The titan seems less brilliant.
The deep elf sorcerer seems less brilliant.
Mennas seems less brilliant.
The sphinx seems less brilliant.
The phantasmal warrior blinks!
You block the deep elf death mage's attack.
The vault warden closely misses you. You block the vault warden's attack.
You block Mennas's attack. x2
You block the deep elf sorcerer's attack.
The titan hits you!
You die...

#c. #....#...
....#....#..###
#...#....#....
.p...W......
####.p......####
........x.e.....
......xHDCx.....
......pepC§.....
.....cep@DA.....
##{#.{pCDeY§####
#..OYpp§O{.#
#.#.#§c.§#.{.#
#.#.#§....##O...
.#.#.#....# #...
#.#.##....# {..
.#.# #....# ..


You could see Mennas, 2 shadow dragons, a titan, a ghostly titan, a golden
dragon, a fire giant, a sphinx, 6 vault wardens, a death knight, a catoblepas,
an elephant shaped shifter, a deep elf death mage, a deep elf sorcerer, a
two-headed ogre, an ogre mage, a vault sentinel, a deep elf knight (invisible),
a deep elf high priest, a phantasmal warrior and 3 crawling corpses.

Vanquished Creatures
  2 ancient liches
  Bai Suzhen (Depths:1)
  3 greater mummies (Depths:1)
  Frederick (Vaults:4)
  Sojobo (Crypt:1)
  Xtahua (Crypt:1)
  Saint Roka (Vaults:1)
  The ghost of Zwobot the Lord of Darkness, a veteran GnWn of Kikubaaqudgha (Depths:4)
  A golden dragon (Depths:3)
  2 bone dragons (Depths:5)
  A Cloud Mage (WizLab)
  2 tentacled monstrosities (Vaults:5)
  Rupert (Lair:4)
  8 liches
  Jorgrun (Vaults:1)
  Asterion (Vaults:1)
  A quicksilver dragon (Vaults:5)
  2 deep elf master archers (Elf:3)
  2 titans
  3 deep elf blademasters
  Frances (Spider:2)
  7 sphinxes
  3 shadow dragons
  Kirke (D:14)
  5 ancient champions
  4 storm dragons
  11 tengu reavers
  5 revenants
  14 frost giants
  Ilsuiw (Shoals:4)
  7 ghost moths
  7 fire giants
  9 vault wardens
  An iron dragon (Depths:3)
  4 emperor scorpions
  4 deep elf elementalists (Elf:3)
  8 deep elf sorcerers
  An orc warlord (Vaults:1)
  11 ironheart preservers
  10 ghouls
  4 war gargoyles (Depths:3)
  2 draconian stormcallers (Depths:5)
  3 curse skulls
  3 spriggan defenders
  2 reapers
  12 very ugly things
  12 stone giants
  A green draconian (Depths:5)
  A stone giant (shapeshifter) (Depths:3)
  2 white draconians (Depths:5)
  Nessos (D:14)
  A black draconian (Depths:5)
  7 entropy weavers
  A lorocyproca (Depths:3)
  5 vampire knights
  A dire elephant (D:15)
  5 deep elf demonologists
  2 yellow draconians (Depths:5)
  7 spark wasps
  15 deep elf annihilators
  3 merfolk javelineers (Shoals:4)
  15 ettins
  2 purple draconians (Depths:5)
  A crystal guardian (Depths:3)
  Snorg (D:14)
  3 eidola (Crypt:3)
  A blizzard demon (Depths:2)
  2 deep elf high priests (Elf:3)
  A green death (Crypt:1)
  2 mummy priests (Depths:1)
  9 deep elf death magi
  9 fire dragons
  9 merfolk impalers
  A minotaur (Lab)
  8 jiangshi
  Josephine (D:15)
  8 great orbs of eyes
  30 vault guards
  11 yaktaur captains
  Harold (Lair:3)
  11 ice dragons
  10 hydras
  8 rakshasas
  11 ogre magi
  14 centaur warriors
  A juggernaut simulacrum (Depths:3)
  3 catoblepae
  5 merfolk avatars
  A two-headed ogre (shapeshifter) (Depths:3)
  36 two-headed ogres
  7 spriggan air magi
  5 merfolk aquamancers
  2 alligator snapping turtles (Shoals:4)
  2 spectral stone giants (Crypt:3)
  4 tengu warriors
  7 vampire magi
  5 death knights
  Urug (Orc:2)
  2 deep troll shamans (Depths:4)
  A spectral frost giant (Crypt:3)
  2 satyrs (Shoals:4)
  A queen ant (Spider:1)
  7 death yaks
  3 orc high priests (Orc:2)
  15 deep troll earth magi
  3 spriggan berserkers
  32 dancing weapons
  4 soul eaters
  Sonja (Lair:1)
  19 deep elf knights
  20 skeletal warriors
  22 shadow wraiths
  A shock serpent (shapeshifter) (Vaults:4)
  2 hell knights
  A titan skeleton (Crypt:3)
  A fire crab (Lair:5)
  A spectral anaconda (Crypt:3)
  2 cherubim (D:14)
  8 flayed ghosts
  A deep troll (shapeshifter) (Vaults:4)
  8 unseen horrors
  An iron giant zombie (Crypt:2)
  A quicksilver dragon simulacrum (Crypt:1)
  9 sea snakes
  14 deep trolls
  An obsidian statue (D:15)
  4 glowing orange brains
  7 ironbrand convokers
  7 necromancers
  24 phantasmal warriors
  7 wizards
  15 harpies
  A harpy (shapeshifter) (D:14)
  20 orb spiders
  12 orc knights
  19 deep elf archers
  49 deep elf magi
  6 orc sorcerers
  A shining eye (shapeshifter) (Depths:3)
  2 iron dragon skeletons (Crypt:1)
  6 cyclopes
  4 oklob plants (Lair:2)
  33 wolf spiders
  15 manticores
  A salamander (D:15)
  A fire giant zombie (Crypt:3)
  71 ugly things
  6 fauns
  A fire giant skeleton (Crypt:1)
  5 large abominations
  A frost giant zombie (Vaults:2)
  9 merfolk sirens
  Maurice (Orc:2)
  A moth of wrath (Spider:4)
  A shock serpent zombie (Crypt:1)
  3 centaur zombies
  A moth of wrath (shapeshifter) (Crypt:1)
  3 black mambas
  20 elephants
  A torpor snail (shapeshifter) (Depths:3)
  12 vault sentinels
  A black mamba (shapeshifter) (Elf:1)
  6 ice statues
  A frost giant skeleton (Crypt:3)
  A stone giant skeleton (Vaults:2)
  A water nymph (shapeshifter) (Vaults:4)
  2 gargoyles
  7 human skeletons
  A naga mage (Depths:3)
  4 water nymphs
  A spiny frog (shapeshifter) (Depths:5)
  A torpor snail (Spider:4)
  7 rime drakes
  A yellow draconian zombie (Crypt:2)
  A centaur skeleton (D:10)
  A komodo dragon (shapeshifter) (Depths:2)
  13 spiny frogs
  A yaktaur (shapeshifter) (Depths:4)
  An efreet (D:13)
  A kobold demonologist (D:11)
  8 komodo dragons
  13 freezing wraiths
  62 yaktaurs
  11 demonic crawlers
  A spectral merfolk (Crypt:3)
  5 tengu conjurers
  4 guardian mummies (Crypt:3)
  33 jumping spiders
  A red devil (Depths:4)
  15 ice devils
  2 pale draconian skeletons (Crypt:2)
  A minotaur zombie (Lab)
  6 trolls
  5 polar bears
  16 wind drakes
  25 merfolk
  2 hornets (shapeshifter)
  A tengu simulacrum (Vaults:4)
  A hydra skeleton (Crypt:1)
  34 slime creatures
  16 hornets
  19 blink frogs
  18 hippogriffs
  4 bog bodies
  A minotaur skeleton (Crypt:2)
  15 dream sheep
  2 human simulacra (Vaults:4)
  A stone giant simulacrum (Crypt:3)
  2 hippogriffs (shapeshifter)
  8 snapping turtles
  A black mamba zombie (Crypt:1)
  An ettin skeleton (Crypt:3)
  36 air elementals
  An ice dragon skeleton (Crypt:1)
  An alligator skeleton (Crypt:1)
  22 flying skulls
  11 shadows
  33 tarantellas
  A tarantella (shapeshifter) (Depths:2)
  85 redbacks
  17 wraiths
  A satyr skeleton (Crypt:3)
  2 vampires
  2 spriggans (Depths:4)
  46 yaks
  3 fire elementals
  11 water elementals
  8 chaos spawn
  5 wyverns
  6 hungry ghosts
  6 basilisks
  A golden eye (shapeshifter) (Depths:4)
  2 hogs (D:14)
  12 vampire mosquitoes
  2 wargs
  6 insubstantial wisps
  9 soldier ants (Spider:1)
  2 soldier ants (shapeshifter)
  An acid dragon (D:15)
  A floating eye (Depths:2)
  19 water moccasins
  A deep troll skeleton (Crypt:3)
  2 ice beasts
  9 porcupines
  27 orc warriors
  3 black bears
  An elephant zombie (Crypt:2)
  8 sky beasts
  An eye of draining (D:10)
  5 phantoms
  An ice dragon simulacrum (Crypt:3)
  6 necrophages
  A wolf (Lair:3)
  27 ogres
  5 boggarts
  A boggart (shapeshifter) (Elf:3)
  An ogre (shapeshifter) (Depths:2)
  A wolf (shapeshifter) (Depths:4)
  A crocodile (shapeshifter) (Depths:4)
  A dream sheep skeleton (Crypt:2)
  15 centaurs
  An elephant skeleton (Crypt:3)
  11 crocodiles
  11 bullfrogs
  2 salamander zombies (Crypt:1)
  3 big kobolds
  A draconian zombie (Crypt:1)
  An elf skeleton (Crypt:1)
  4 earth elementals
  A gnoll sergeant (Orc:2)
  A water moccasin zombie (Crypt:2)
  A wyvern skeleton (D:8)
  A raiju zombie (Crypt:3)
  4 scorpions
  2 water moccasin skeletons
  9 killer bees
  A snapping turtle simulacrum (Crypt:3)
  6 small abominations
  A troll skeleton (Crypt:3)
  6 electric eels
  A spriggan skeleton (Crypt:1)
  17 wights
  5 howler monkeys
  8 crimson imps
  4 quasits
  A black bear zombie (Crypt:1)
  A draconian simulacrum (IceCv)
  9 jellies
  3 human zombies (Crypt:1)
  10 hounds
  4 bullfrog skeletons
  25 orc priests
  25 orc wizards
  3 iguanas
  A porcupine zombie (Crypt:1)
  A hell rat (Crypt:1)
  33 worker ants
  A troll simulacrum (IceCv)
  2 spriggan simulacra (IceCv)
  A bullfrog simulacrum (D:12)
  2 centaur simulacra (IceCv)
  A tengu zombie (Crypt:1)
  A demigod skeleton (Crypt:2)
  A hound zombie (D:11)
  5 mummies (Crypt:1)
  A worker ant zombie (D:10)
  Robin (D:2)
  20 adders
  17 gnolls
  3 naga simulacra (IceCv)
  An ogre simulacrum (IceCv)
  7 shadow imps
  2 oozes
  2 adder zombies
  4 adder skeletons
  A lava snake skeleton (Crypt:3)
  5 worms
  3 dart slugs (D:2)
  6 leopard geckos
  109 orcs
  2 ball pythons
  10 bats
  6 giant cockroaches
  A gnoll zombie (Crypt:3)
  14 hobgoblins
  6 jackals
  12 kobolds
  A quokka (D:6)
  A frilled lizard (D:2)
  11 goblins
  A quokka skeleton (D:3)
  11 rats
  A rat zombie (Crypt:2)
  A fungus (Lair:5)
  A plant (Lair:6)
2389 creatures vanquished.

Vanquished Creatures (others)
  A yaktaur captain (Vaults:5)
  2 orb spiders
  A faun (Shoals:1)
  2 deep elf magi
  A cyclops (D:12)
  A merfolk (Shoals:4)
  A tarantella (Spider:4)
  An insubstantial wisp (WizLab)
  A centaur (D:11)
  2 orcs
  12 fungi
  36 plants
61 creatures vanquished.

Grand Total: 2450 creatures vanquished

Notes
Turn   | Place    | Note
-------+----------+-------------------------------------------
     0 | D:1      | grindst0ne the Formicid Fighter began the quest for the Orb.
     0 | D:1      | Reached XP level 1. HP: 18/18 MP: 1/1
   114 | D:1      | Reached XP level 2. HP: 19/24 MP: 2/2
   616 | D:2      | Noticed Robin
   628 | D:2      | Reached XP level 3. HP: 23/29 MP: 3/3
   635 | D:2      | Reached skill level 5 in Shields
   647 | D:2      | Killed Robin
   847 | D:2      | Reached XP level 4. HP: 33/35 MP: 4/4
  1676 | D:3      | Found a sparkling altar of Nemelex Xobeh.
  1718 | D:3      | Reached XP level 5. HP: 35/41 MP: 5/5
  1806 | D:3      | Found a faded altar of an unknown god.
  1970 | D:3      | Found a hide-covered altar of Uskayaw.
  2205 | D:3      | Reached XP level 6. HP: 42/47 MP: 6/6
  2948 | D:4      | Reached XP level 7. HP: 24/52 MP: 7/7
  3466 | D:4      | Found a snail-covered altar of Cheibriados.
  3474 | D:4      | Found a glowing silver altar of Zin.
  3480 | D:4      | Found a deep blue altar of Sif Muna.
  3483 | D:4      | Found a basalt altar of Yredelemnul.
  3677 | D:4      | Reached skill level 5 in Armour
  4212 | D:4      | Reached XP level 8. HP: 51/58 MP: 8/8
  4364 | D:5      | Entered Level 5 of the Dungeon
  5312 | D:6      | Reached XP level 9. HP: 48/64 MP: 7/9
  6074 | D:7      | Found a bloodstained altar of Trog.
  6137 | D:7      | Reached skill level 10 in Armour
  6201 | D:7      | Reached skill level 10 in Shields
  6819 | D:7      | Found an opulent altar of Gozag.
  7379 | D:4      | Found a staircase to the Ecumenical Temple.
  7542 | Temple   | Entered the Ecumenical Temple
  7636 | Temple   | Became a worshipper of Warmaster Okawaru
  7763 | D:8      | Found a roughly hewn altar of Beogh.
  7780 | D:8      | Reached XP level 10. HP: 24/70 MP: 7/10
  8146 | D:8      | Reached * piety under Okawaru
  8472 | D:8      | Noticed a two-headed ogre
  8483 | D:8      | Killed a two-headed ogre
  8483 | D:8      | Reached ** piety under Okawaru
  9538 | D:9      | Found Liawkar's Book Shop.
  9581 | D:9      | Found a radiant altar of Vehumet.
  9892 | D:9      | Reached *** piety under Okawaru
  9969 | D:9      | Found a burning altar of Makhleb.
 10120 | D:10     | Entered Level 10 of the Dungeon
 10122 | D:10     | Noticed an unseen horror
 10147 | D:10     | Killed an unseen horror
 10147 | D:10     | Reached XP level 11. HP: 55/75 MP: 7/11
 10699 | D:10     | Reached skill level 15 in Shields
 10717 | D:10     | Reached skill level 1 in Invocations
 10717 | D:10     | Reached skill level 1 in Evocations
 10939 | D:10     | Found a staircase to the Orcish Mines.
 11272 | D:10     | Reached **** piety under Okawaru
 11782 | D:10     | Found a portal to a secret trove of treasure.
 12046 | D:10     | Noticed a purple ugly thing
 12061 | D:10     | Killed a purple ugly thing
 12496 | D:10     | Reached skill level 5 in Invocations
 12714 | D:11     | Reached skill level 5 in Evocations
 13045 | D:11     | Found a staircase to the Lair.
 13106 | D:11     | Reached ***** piety under Okawaru
 13127 | D:11     | Noticed a death yak
 13340 | D:10     | Killed a death yak
 13340 | D:10     | Reached XP level 12. HP: 69/81 MP: 12/17
 14048 | D:11     | Received a gift from Okawaru
 14051 | D:11     | Got an ebony great sword {god gift}
 14052 | D:11     | Identified the +7 great sword "Raptory" {elec, rElec Dex+4} (Okawaru gifted it to you on level 11 of the Dungeon)
 14181 | Lair:1   | Entered Level 1 of the Lair of Beasts
 14193 | Lair:1   | Reached skill level 1 in Long Blades
 14246 | Lair:1   | Reached skill level 2 in Long Blades
 14259 | Lair:1   | Reached skill level 3 in Long Blades
 14754 | Lair:1   | Noticed a five-headed hydra
 14767 | Lair:1   | Killed a one-headed hydra
 14767 | Lair:1   | Reached skill level 5 in Fighting
 14767 | Lair:1   | Reached skill level 4 in Long Blades
 15031 | Lair:1   | Reached skill level 5 in Long Blades
 15084 | Lair:1   | Noticed a five-headed hydra
 15092 | Lair:1   | Killed a one-headed hydra
 15093 | Lair:1   | Noticed Sonja
 15103 | Lair:1   | Killed Sonja
 15386 | Lair:1   | Got a twisted shield
 15397 | Lair:1   | Identified the cursed +0 shield of Action {*Drain rC++} (You found it on level 1 of the Lair of Beasts)
 15667 | Lair:2   | Reached skill level 6 in Long Blades
 15753 | Lair:1   | Received a gift from Okawaru
 15753 | Lair:1   | Reached XP level 13. HP: 70/95 MP: 7/19
 15961 | Lair:2   | Reached skill level 7 in Long Blades
 16586 | Lair:2   | Reached skill level 8 in Long Blades
 17259 | Lair:3   | Reached skill level 9 in Long Blades
 17423 | Lair:3   | Noticed Harold
 17442 | Lair:3   | Killed Harold
 17442 | Lair:3   | Reached ****** piety under Okawaru
 17951 | Lair:3   | Found a staircase to the Shoals.
 18026 | Lair:3   | Reached skill level 10 in Long Blades
 18093 | Lair:3   | Noticed a six-headed hydra
 18107 | Lair:3   | Killed a three-headed hydra
 18125 | Lair:3   | Received a gift from Okawaru
 18811 | Lair:3   | Reached XP level 14. HP: 108/108 MP: 20/20
 19126 | Lair:4   | Got a twisted leather armour
 19137 | Lair:4   | Identified the +2 leather armour "Ykhlauf" {+Fly rC++ MR+ Dex-3} (You found it on level 4 of the Lair of Beasts)
 19150 | Lair:4   | Noticed Rupert
 19170 | Lair:4   | Killed Rupert
 19170 | Lair:4   | Reached skill level 11 in Long Blades
 19523 | Lair:4   | Reached skill level 10 in Fighting
 19738 | Lair:4   | Found a hole to the Spider Nest.
 19752 | Lair:4   | Received a gift from Okawaru
 19752 | Lair:4   | Reached skill level 12 in Long Blades
 19761 | Lair:4   | Got a pair of smoking boots {god gift}
 19774 | Lair:4   | Identified the +1 pair of boots of Fun {SInv Stlth+} (Okawaru gifted it to you on level 4 of the Lair of Beasts)
 20241 | Lair:5   | Found a staircase to the Slime Pits.
 21004 | Lair:6   | Entered Level 6 of the Lair of Beasts
 21023 | Lair:6   | Reached skill level 13 in Long Blades
 21308 | Lair:6   | Reached XP level 15. HP: 89/119 MP: 17/21
 21348 | Lair:6   | Received a gift from Okawaru
 21393 | Lair:6   | Reached skill level 14 in Long Blades
 22113 | Lair:6   | Got a distressingly furry chain mail
 22125 | Lair:6   | Identified the +4 chain mail of the Earth {+Fly Stlth+} (You found it on level 6 of the Lair of Beasts)
 22912 | D:12     | Identified the Compendium of Shape Shifting and Stolen Souls
 22924 | D:12     | Identified the Incunabulum of the Enthralling Traveller
 23235 | D:12     | Reached skill level 15 in Long Blades
 24162 | D:13     | Received a gift from Okawaru
 24165 | D:13     | Got a pair of pitted gloves {god gift}
 24176 | D:13     | Identified the +3 pair of gloves of the Albatross {rC++ rN+ Str+4} (Okawaru gifted it to you on level 13 of the Dungeon)
 24392 | D:13     | Reached XP level 16. HP: 129/129 MP: 22/22
 24548 | D:14     | Noticed Snorg
 24556 | D:14     | Killed Snorg
 24701 | D:14     | Noticed Nessos
 24709 | D:14     | Killed Nessos
 24955 | D:14     | Found a gate to the Vaults.
 25174 | D:14     | Noticed Kirke
 25190 | D:14     | Killed Kirke
 25755 | D:15     | Entered Level 15 of the Dungeon
 25772 | D:15     | Found a staircase to the Depths.
 25803 | D:15     | Reached skill level 16 in Long Blades
 25844 | D:15     | Found a frozen archway.
 25850 | IceCv    | Entered an ice cave
 26212 | IceCv    | Got a twisted plate armour
 26223 | IceCv    | Identified the +0 plate armour "Zamae" {-Tele rC+ Slay+2} (You found it in an ice cave)
 26343 | D:15     | Found a glowing golden altar of the Shining One.
 26437 | D:15     | Received a gift from Okawaru
 26450 | D:15     | Found a runed door.
 26465 | D:15     | Found a runed door.
 26481 | D:15     | Noticed Josephine
 26486 | D:15     | Killed Josephine
 26495 | D:15     | Found a runed door.
 26530 | D:15     | Found a runed door.
 26790 | D:15     | Reached XP level 17. HP: 138/138 MP: 23/23
 27073 | Orc:1    | Entered Level 1 of the Orcish Mines
 27273 | Orc:2    | Entered Level 2 of the Orcish Mines
 27273 | Orc:2    | Found a staircase to the Elven Halls.
 27297 | Orc:2    | Noticed Maurice
 27300 | Orc:2    | Found a labyrinth entrance.
 27329 | Orc:2    | Killed Maurice
 27341 | Orc:2    | Reached skill level 1 in Dodging
 27411 | Orc:2    | Found Roituytz's Antique Weapon Shoppe.
 27416 | Lab      | Entered a labyrinth
 27741 | Lab      | Received a gift from Okawaru
 27767 | Lab      | Got a vibrating ivory ring
 27771 | Lab      | Identified the ring "Hafiziuts" {rC+ Int+5} (You found it in a labyrinth)
 27790 | Lab      | Got a pair of encrusted boots
 27802 | Lab      | Identified the cursed +0 pair of boots of the Final Places {rF+} (You found it in a labyrinth)
 27805 | Lab      | Got an ancient chain mail
 27817 | Lab      | Identified the +8 chain mail "Ynguem" {rPois Str+2 Int+3} (You found it in a labyrinth)
 27821 | Lab      | Got a twisted chain mail
 27833 | Lab      | Identified the +7 chain mail of Polish {Stlth+} (You found it in a labyrinth)
 27943 | Orc:2    | Noticed Urug
 27950 | Orc:2    | Killed Urug
 28003 | Orc:2    | Identified a scroll of acquirement
 28006 | Orc:2    | Got a translucent shield
 28017 | Orc:2    | Identified the +5 shield of Dishonesty {-Tele rPois rN+ MR+} (You acquired it on level 2 of the Orcish Mines)
 28236 | Orc:2    | Received a gift from Okawaru
 28266 | Orc:2    | Found Jujuos's Antique Weapon Shop.
 28266 | Orc:2    | Found Xatextul's Magic Scroll Shoppe.
 28270 | Orc:2    | Found Uxaxa's Weapon Shop.
 28270 | Orc:2    | Found Nuwew's Distillery.
 28318 | Orc:2    | Bought a potion of might for 60 gold pieces
 28318 | Orc:2    | Bought a potion of curing for 45 gold pieces
 28318 | Orc:2    | Bought a potion of heal wounds for 75 gold pieces
 28318 | Orc:2    | Bought a potion of agility for 60 gold pieces
 28318 | Orc:2    | Bought a potion of might for 60 gold pieces
 28713 | Spider:1 | Entered Level 1 of the Spider Nest
 28876 | Spider:1 | Reached skill level 17 in Long Blades
 29029 | Spider:1 | Received a gift from Okawaru
 30011 | Spider:2 | Reached skill level 5 in Dodging
 30151 | Spider:2 | Noticed Frances
 30402 | Spider:2 | Killed Frances
 30402 | Spider:2 | Reached XP level 18. HP: 121/147 MP: 17/24
 30785 | Spider:3 | Received a gift from Okawaru
 31975 | Spider:4 | Entered Level 4 of the Spider Nest
 32609 | Spider:4 | Reached skill level 18 in Long Blades
 32674 | Spider:4 | Received a gift from Okawaru
 33113 | Spider:4 | Received a gift from Okawaru
 33395 | Spider:4 | Reached skill level 15 in Fighting
 33503 | Spider:4 | Reached skill level 15 in Armour
 33513 | Spider:4 | Reached XP level 19. HP: 115/155 MP: 22/25
 33781 | Spider:4 | Got a gossamer rune of Zot
 34053 | Shoals:1 | Entered Level 1 of the Shoals
 34342 | Shoals:1 | Found Sefun's Armour Shoppe.
 34370 | Shoals:1 | Bought the +0 cloak of Wu Jian {*Corrode rElec MR+ Str+5} for 435 gold pieces
 34837 | Shoals:2 | Received a gift from Okawaru
 35095 | Shoals:2 | Found Nunyliurgh's Assorted Antiques.
 35392 | Shoals:3 | Got a smoking platinum ring
 35394 | Shoals:3 | Identified the ring "Teiroidgh" {Wiz rF+ rN++ Str-2} (You acquired it on level 3 of the Shoals)
 35404 | Shoals:3 | Found Impey's Armour Boutique.
 35743 | Shoals:4 | Entered Level 4 of the Shoals
 35982 | Shoals:4 | Reached skill level 19 in Long Blades
 37153 | Shoals:4 | Received a gift from Okawaru
 37409 | Shoals:4 | Got a barnacled rune of Zot
 37544 | Shoals:4 | Got a bound bronze ring
 37556 | Shoals:4 | Noticed Ilsuiw
 37561 | Shoals:4 | Reached XP level 20. HP: 164/164 MP: 23/26
 37575 | Shoals:4 | Killed Ilsuiw
 38160 | Vaults:1 | Entered Level 1 of the Vaults
 38252 | Vaults:1 | Found a magical portal.
 38261 | WizLab   | Entered The Chambers of the Cloud Mage
 38846 | WizLab   | Reached skill level 20 in Long Blades
 38995 | WizLab   | Noticed Cuesoy
 39013 | WizLab   | Killed Cuesoy the Cloud Mage
 39064 | WizLab   | Identified the Grimoire of Lightness
 39073 | WizLab   | Identified the ring "Teceps" {rF+ rC+ Dex+3} (You took it off a merfolk on level 4 of the Shoals)
 39089 | WizLab   | Identified Gavavuek's Catalogue of the Birds
 39293 | Vaults:1 | Noticed Jorgrun
 39298 | Vaults:1 | Noticed Asterion
 39303 | Vaults:1 | Found a flickering gateway to a bazaar.
 39312 | Bazaar   | Entered a bazaar
 39316 | Bazaar   | Found Worph's Magic Scroll Boutique.
 39336 | Bazaar   | Found Xipu's Antique Armour Shoppe.
 39356 | Bazaar   | Found Mudeubus's Book Boutique.
 39374 | Bazaar   | Found Peppul's Assorted Antiques.
 39399 | Bazaar   | Bought a scroll of summoning for 85 gold pieces
 39399 | Bazaar   | Bought a scroll of acquirement for 468 gold pieces
 39399 | Bazaar   | Bought 3 scrolls of fear for 94 gold pieces
 39480 | Bazaar   | Bought a scroll of recharging for 85 gold pieces
 39492 | Bazaar   | Bought a scroll of identify for 18 gold pieces
 39492 | Bazaar   | Bought a scroll of identify for 18 gold pieces
 39492 | Bazaar   | Bought a scroll of identify for 18 gold pieces
 39531 | Vaults:1 | Killed Jorgrun
 39549 | Vaults:1 | Killed Asterion
 39689 | Vaults:1 | Received a gift from Okawaru
 39823 | Vaults:1 | Noticed Saint Roka
 39844 | Vaults:1 | Killed Saint Roka
 40029 | Vaults:1 | Reached XP level 21. HP: 112/173 MP: 17/27
 40793 | Vaults:1 | Received a gift from Okawaru
 40995 | Vaults:1 | Reached skill level 21 in Long Blades
 41442 | Vaults:2 | Received a gift from Okawaru
 42443 | Vaults:3 | Reached XP level 22. HP: 183/183 MP: 28/28
 42746 | Vaults:3 | Received a gift from Okawaru
 42787 | Vaults:3 | Found a staircase to the Crypt.
 43345 | Vaults:3 | Found Cutiat's Magic Scroll Shoppe.
 43351 | Vaults:3 | Bought a scroll of enchant weapon for 150 gold pieces
 43351 | Vaults:3 | Bought a scroll of fear for 70 gold pieces
 43351 | Vaults:3 | Bought a scroll of holy word for 150 gold pieces
 43585 | Vaults:3 | Reached skill level 22 in Long Blades
 43628 | Vaults:3 | Got a spiked chain mail
 43639 | Vaults:3 | Identified the +7 chain mail "Leqerap" {rElec Str+5} (You acquired it on level 3 of the Vaults)
 43761 | Vaults:3 | Identified the +7 chain mail "Muxoo" {Int+5 Stlth+} (You found it on level 3 of the Vaults)
 44171 | Vaults:4 | Received a gift from Okawaru
 44947 | Vaults:4 | Noticed Frederick
 44955 | Vaults:4 | Killed Frederick
 45184 | Crypt:1  | Entered Level 1 of the Crypt
 45203 | Crypt:1  | Reached XP level 23. HP: 192/192 MP: 29/29
 45763 | Crypt:1  | Received a gift from Okawaru
 45768 | Crypt:1  | Noticed Xtahua
 45781 | Crypt:1  | Killed Xtahua
 45895 | Crypt:1  | Noticed Sojobo
 45907 | Crypt:1  | Killed Sojobo
 45960 | Crypt:1  | Reached skill level 23 in Long Blades
 45988 | Crypt:1  | Received a gift from Okawaru
 46319 | Crypt:1  | Found a runed gate.
 46319 | Crypt:1  | Found a runed gate.
 46319 | Crypt:1  | Found a runed gate.
 46386 | Crypt:1  | Got a slimy double sword
 46387 | Crypt:1  | Identified the +6 double sword "Riatzyx" {drain, *Slow rN+++ MP+9 Int+3} (You found it on level 1 of the Crypt)
 46944 | Crypt:2  | Received a gift from Okawaru
 46978 | Crypt:2  | Got a shimmering cloak {god gift}
 46990 | Crypt:2  | Identified the +2 cloak of Zetinkas {Str+2 Dex+4} (Okawaru gifted it to you on level 2 of the Crypt)
 47439 | Crypt:3  | Entered Level 3 of the Crypt
 47445 | Crypt:3  | Reached XP level 24. HP: 195/201 MP: 2/29
 47711 | Crypt:3  | Found an ancient bone altar of Kikubaaqudgha.
 47982 | Crypt:3  | Found a staircase to the Tomb.
 47988 | Crypt:3  | Reached skill level 24 in Long Blades
 48184 | Crypt:3  | Received a gift from Okawaru
 49665 | Depths:1 | Entered Level 1 of the Depths
 49675 | Depths:1 | Noticed Bai Suzhen
 49700 | Depths:1 | Killed Bai Suzhen
 50112 | Depths:1 | Found Met Edud's Jewellery Shoppe.
 50165 | Depths:1 | Noticed a greater mummy
 50172 | Depths:1 | Killed a greater mummy
 50455 | Depths:1 | Noticed a greater mummy
 50503 | Depths:1 | Killed a greater mummy
 50599 | Depths:1 | Noticed a greater mummy
 50620 | Depths:1 | Killed a greater mummy
 50620 | Depths:1 | Reached XP level 25. HP: 124/205 MP: 29/29
 50895 | Depths:1 | Found a gateway to Hell.
 50971 | Depths:1 | Received a gift from Okawaru
 51158 | Depths:1 | Reached skill level 10 in Dodging
 51730 | Depths:2 | Found a one-way gate leading to the halls of Pandemonium.
 52023 | Depths:2 | Found a one-way gate to the infinite horrors of the Abyss.
 52121 | Depths:2 | Identified the +1 helmet of the Tormentor {rElec Str+3} (You found it on level 2 of the Depths)
 52541 | Depths:2 | Noticed an ancient lich
 52547 | Depths:2 | Killed an ancient lich
 52697 | Depths:3 | Received a gift from Okawaru
 53129 | Depths:3 | Reached XP level 26. HP: 214/217 MP: 29/29
 53268 | Depths:3 | Received a gift from Okawaru
 53688 | Depths:4 | Noticed Zwobot's ghost (veteran GnWn)
 53706 | Depths:4 | Killed Zwobot's ghost
 54412 | Depths:4 | Found Pirghouky's Jewellery Boutique.
 54412 | Depths:4 | Found Siullio's Gadget Shoppe.
 54413 | Depths:4 | Found Ohej's Gadget Shoppe.
 54431 | Depths:4 | Received a gift from Okawaru
 54460 | Depths:4 | Identified the Papyrus of Contamination and Black Rites
 54465 | Depths:4 | Got a pearl-encrusted plate armour
 54476 | Depths:4 | Identified the +2 plate armour of the Unseen Realm {+Inv Stlth+} (You found it on level 4 of the Depths)
 54559 | Depths:4 | Found a gateway to a ziggurat.
 54761 | Depths:5 | Entered Level 5 of the Depths
 54761 | Depths:5 | Found Imuliq's Food Boutique.
 54773 | Depths:5 | Reached skill level 10 in Invocations
 55094 | Depths:5 | Found a gate to the Realm of Zot.
 55216 | Depths:5 | Reached XP level 27. HP: 131/225 MP: 31/31
 55792 | Depths:5 | Received a gift from Okawaru
 56432 | Elf:1    | Entered Level 1 of the Elven Halls
 56459 | Elf:1    | Found a radiant altar of Vehumet.
 56925 | Elf:1    | Found Ilaag's Food Emporium.
 57488 | Elf:2    | Found a large runed door.
 57488 | Elf:2    | Found a large runed door.
 57512 | Elf:2    | Found a large runed door.
 57512 | Elf:2    | Found a large runed door.
 57641 | Elf:2    | Identified a +2 pair of boots of running (You acquired it on level 2 of the Elven Halls)
 58421 | Elf:3    | Entered Level 3 of the Elven Halls
 58485 | Elf:3    | Reached skill level 15 in Dodging
 58850 | Elf:3    | Received a gift from Okawaru
 58974 | Elf:3    | Gained mutation: You are dopey. (Int -2) [a cacodemon]
 58978 | Elf:3    | Gained mutation: Your magical capacity is low. (-10% MP) [a cacodemon]
 58980 | Elf:3    | Gained mutation: Your spells are a little easier to cast, but a little less powerful. [a cacodemon]
 59515 | Elf:3    | Got a sparkling steel amulet
 59527 | Elf:3    | Identified the amulet of Xom's Full Attention {Harm *Drain rElec MP+9 Int+6} (You took it off a deep elf demonologist on level 3 of the Elven Halls)
 59549 | Elf:3    | Got a faintly glowing copper ring
 59551 | Elf:3    | Identified the ring "Bojothege" {rC+ Dex+5} (You took it off a deep elf death mage on level 3 of the Elven Halls)
 59562 | Elf:3    | Got a scorched silver ring
 59662 | Elf:3    | Identified the ring "Wesheff" {MP+9 AC+2} (You took it off a deep elf master archer on level 3 of the Elven Halls)
 60126 | Vaults:5 | Entered Level 5 of the Vaults
 60335 | Vaults:4 | Reached skill level 15 in Invocations
 60633 | Vaults:5 | Noticed an ancient lich
 60639 | Vaults:5 | Received a gift from Okawaru
 60999 | Vaults:5 | Killed an ancient lich
 61032 | Vaults:5 | Noticed Mennas
 61039 | Vaults:5 | HP: 3/231 [titan (29)]
 61040 | Vaults:5 | Mangled by a titan

Vault maps used:
D:1:      minmay_arrival_plants_in_alcoves, minmay_misc_feat_cross
D:2:      minmay_parallelograms, uniq_robin
D:3:      nemelex_altar_shiori, eat_drink_and_be_merry_uskayaw,
          chequers_ecumenical_altar_lobes, minmay_misc_feat_hallway
D:4:      grunt_temple_overflow_cloverleaf, minmay_temple_entry_from_below_b
D:5:      first_bread
D:7:      black_bear_nest_1, grunt_gozag_breadcrumbs, trog_three_pillars_becter
D:8:      special_room, grunt_ogre_cave
D:9:      lemuel_coloured_pillars_altar, basic_altar, serial_shops,
          nicolae_shop_waterfront
D:10:     hiddenorc2_lemuel, enter_trove_3
D:11:     david_lair_generic
D:12:     minivault_12
D:13:     minmay_misc_feat_rows
D:14:     david_vaults_4, nicolae_wwwww, pf_eden, uniq_snorg, uniq_kirke,
          uniq_nessos
D:15:     hangedman_depths_entry_try_elsewhere_first, portal_ice_cave_rime,
          tso_metal_star, minmay_statue_crystal_thing, uniq_josephine
Temple:   zaba_magenta_temple
Lair:1:   grunt_forest_small_clearings, grunt_megastairs_2, lemuel_fruit_tree,
          uniq_sonja
Lair:2:   minmay_lair_oklob_chamber
Lair:3:   minmay_shoals_entry_centaurs, serial_bayou_shore_b,
          serial_bayou_shore_a, wad_woods_river_01, uniq_harold
Lair:4:   spider_nest_entry_webs, uniq_rupert
Lair:5:   minmay_slime_entry_pillars, minmay_stone_trees_small,
          lookout_lair_type
Lair:6:   gammafunk_lair_ancient_temple
Shoals:1: serial_shops, nicolae_shop_crystal, nicolae_shoals_cliffside_cave,
          overgrown_tower
Shoals:2: serial_shops, shop, nicolae_shoals_circle_sea_wall
Shoals:3: serial_shops, shop
Shoals:4: shoals_end_hangedman, shoals_ilsuiw_ice
Spider:1: minmay_another_anthill
Spider:2: uniq_frances
Spider:4: spider_rune_water, nicolae_spider_cling_ruins
Orc:2:    grunt_orc_tribal_feast, lab_entry_generic, serial_shops, shop,
          sword_in_stone, uniq_maurice
Elf:1:    eino_elf_arrival_altar, serial_shops, nicolae_shop_trees,
          hangedman_corner_corridor, minmay_misc_feat_pillars,
          lemuel_flame_loot_1
Elf:3:    grunt_elf_hall_asides, grunt_megastairs_3
Vaults:1: v_misc_10, v_misc_13, ontoclasm_vaults_gallery,
          ontoclasm_vaults_loading_screen, ontoclasm_vaults_misaligned,
          ontoclasm_vaults_idyll, nicolae_vaults_little_squares_4,
          nicolae_vaults_specimen_jars, mu_enter_wizlab_6, serial_shops,
          bzr_entry_water, uniq_jorgrun, uniq_saint_roka, uniq_asterion
Vaults:2: vaults_mumra_hexcomb, v_rooms_1, st_star, vaults_room_fancy_cross,
          v_misc_18, v_misc_3, v_alt_pattern_1, vaults_room_fancy_cross,
          grunt_vaults_diagonal, vaults_room_pools, vaults_dpeg_diagonal,
          grunt_vaults_hallway_short, vaults_dpeg_cross, vaults_room_large_hall
Vaults:3: ontoclasm_vaults_tryst, nicolae_vaults_asterisk,
          minmay_crypt_entry_simple_plaza, vaults_dpeg_encased_lava,
          vaults_standard_mumra_enter_the_diamond, vaults_dpeg_hooks,
          nicolae_vaults_little_ls, nicolae_vaults_alarming, v_alt_pattern_4,
          nicolae_vaults_windows_and_doors_thing, nicolae_vaults_asterisk,
          serial_shops, shop
Vaults:4: nicolae_vaults_octagons, v_rooms_5, nicolae_vaults_gold_heap,
          v_rooms_5, nicolae_vaults_circle_grid_b, hangedman_vaults_pinch,
          nicolae_vaults_mini_display_case, hangedman_vaults_snaps,
          vaults_dpeg_ring, uniq_frederick
Vaults:5: uniq_mennas
Crypt:1:  pandoras_box_mu, grunt_megastairs_1, grunt_crypt_arrival_guarded_gate,
          uniq_sojobo, uniq_xtahua
Crypt:3:  church_of_pain_bobbens, tomb_entry_simple_bobbens
Depths:1: minmay_guarded_unrand_sceptre_of_torment, hangedman_coc_ice_floe,
          minmay_misc_feat_tower, serial_shops, shop, kennysheep_four_rooms,
          serial_bayou_shore_b, uniq_bai_suzhen
Depths:2: cheibrodos_cascadia, hangedman_decor_riveting, hell_entry,
          abyss_entry, pan_entry, kennysheep_nondecorative_pillar,
          infiniplex_staircase_star
Depths:3: hangedman_crystal_crosses_colossus, pan_entry, hell_entry
Depths:4: kennysheep_blocky_hall, enter_ziggurat_f, minmay_room_of_horrors,
          nicolae_twisting_strands, hangedman_geh_valley,
          infiniplex_staircase_trident, minmay_shop_grove
Depths:5: grunt_x_marks_the_spot, serial_shops, nicolae_shop_crystal,
          hell_entry, serial_bayou_shore_b
Lab:      labyrinth_hidden_loot
Bazaar:   bazaar_jpeg_circle_common
IceCv:    ice_cave_tombish
WizLab:   wizlab_cloud

Skill      XL: |  1  2  3  4  5  6  7  8  9 10 11 12 13 14 15 16 17 18 19 20 21 22 23 24 25 26 27 |
---------------+----------------------------------------------------------------------------------+-----
Shields        | 4 5 6 7 9 11 14 15 | 15.1
Armour         | 6 9 10 11 12 13 14 15 16 17 18 19 20 21 22 | 22.1
Invocations    | 7 8 10 15 | 15.9
Evocations     | 6 7 |  7.0
Fighting       | 6 9 11 12 13 14 15 16 17 18 19 20 21 22 | 22.1
Long Blades    | 6 10 13 15 16 17 18 19 20 21 22 23 24 | 24.0
Dodging        | 5 8 9 12 14 16 | 16.5
Axes           | |  2.0

Action                   |  1- 3 |  4- 6 |  7- 9 | 10-12 | 13-15 | 16-18 | 19-21 | 22-24 | 25-27 || total
-------------------------+-------+-------+-------+-------+-------+-------+-------+-------+-------++-------
Melee: War axe           |    88 |    28 |       |       |       |       |       |       |       ||   116
       Battleaxe         |       |   147 |   348 |   988 |    31 |     4 |       |       |       ||  1518
       Great sword       |       |       |       |   110 |   809 |   486 |       |       |       ||  1405
       Triple sword      |       |       |       |       |       |   772 |  1121 |  1237 |  1645 ||  4775
Invok: Heroism           |       |       |       |     2 |     4 |     4 |    12 |     9 |    12 ||    43
       Finesse           |       |       |       |       |     1 |     1 |     2 |     1 |     3 ||     8
 Abil: Dig               |     3 |    10 |    32 |    31 |    24 |    53 |     6 |     3 |    20 ||   182
Evoke: Wand              |       |       |       |     1 |       |       |     3 |       |       ||     4
  Use: Scroll            |       |       |       |    10 |     9 |    22 |    10 |    10 |    10 ||    71
       Potion            |       |       |       |     4 |     6 |     2 |     2 |     2 |    16 ||    32
 Stab: Petrified         |       |       |       |       |     4 |       |       |       |       ||     4
       Invisible         |       |       |       |       |       |       |     7 |       |       ||     7
  Eat: Chunk             |       |     8 |    17 |    25 |    27 |    28 |    27 |    19 |    33 ||   184
       Bread ration      |       |       |     1 |     3 |     1 |     2 |     1 |     2 |     1 ||    11
       Fruit             |       |       |       |       |       |     1 |       |       |       ||     1
Armor: Scale mail        |    35 |    78 |    81 |       |       |       |       |       |       ||   194
       Chain mail        |       |       |    31 |    10 |     3 |   354 |   292 |   151 |   189 ||  1030
       Plate armour      |       |       |       |   509 |   351 |   124 |       |       |       ||   984
       Fire dragon scale |       |       |       |       |       |       |       |    15 |       ||    15
       Crystal plate arm |       |       |       |       |       |       |       |       |   104 ||   104
Dodge: Dodged            |    26 |    64 |   115 |   234 |   154 |   358 |   360 |   229 |   697 ||  2237
       Deflected         |       |       |       |       |       |     9 |     7 |     1 |    36 ||    53
Block: Shield            |    47 |   124 |   125 |       |       |       |       |       |       ||   296
       Large shield      |       |       |   166 |  1485 |   938 |  1545 |  1565 |  1469 |  2181 ||  9349
       Reflection        |       |       |     5 |    21 |    18 |    32 |    65 |       |       ||   141
       Rpst.: Great sword |       |       |       |     4 |    20 |    22 |       |       |       ||    46
       Triple sword      |       |       |       |       |       |    55 |    62 |    40 |   109 ||   266
